 Dungeon Crawl Stone Soup version 0.30.0-5-g1a98f26d00 (webtiles) character file.

Game seed: 6155734925762503313

1042 Cheops the Grappler (level 8, 0/63 HPs)
             Began as a Ghoul Monk on May 9, 2023.
             Slain by a boulder beetle (20 damage)
             ... on level 6 of the Dungeon.
             The game lasted 00:10:25 (2912 turns).

Cheops the Grappler (Ghoul Monk)                    Turns: 2912, Time: 00:10:26

Health: 0/63       AC:  9    Str: 17    XL:     8   Next: 25%
Magic:  7/7        EV:  8    Int:  5    God:
Gold:   70         SH:  0    Dex: 11    Spells: 7/7 levels left

rFire   . .          .
                       - Unarmed
rCold   + . .        c - orb {light}
rNeg    + + +        g - +0 chain mail
rPois   ∞            (no helmet)
rElec   .            (no cloak)
rCorr   .            (no gloves)
SInv    .            (no boots)
Will    .....        n - amulet of faith Stlth
                     (no ring)
HPRegen 0.00/turn    (no ring)
MPRegen 0.10/turn

%: faith
@: inhibited regen, glowing
A: claws 1, cold resistance 1, negative energy resistance 3, inhibited
regeneration, torment resistance 2, devour on kill
a: no special abilities


You were on level 6 of the Dungeon.
You visited 1 branch of the dungeon, and saw 6 of its levels.

You collected 248 gold pieces.
You spent 178 gold pieces at shops.

Inventory:

Armour
 a - a +0 robe
 c - an orb of light (worn)
 g - a +0 chain mail (worn)
Jewellery
 n - an amulet of faith (around neck)
Wands
 d - a wand of light (5)
 p - a wand of flame (15)
 w - a wand of digging (5)
 x - a wand of iceblast (5)
Scrolls
 h - a scroll of fear {unknown}
 j - 2 scrolls of poison {unknown}
 k - 6 scrolls of identify {unknown}
 l - 2 scrolls of teleportation {unknown}
 m - a scroll of torment {unknown}
 o - 2 scrolls of brand weapon {unknown}
 r - 2 scrolls of blinking
 s - 2 scrolls of enchant weapon {unknown}
 t - a scroll of vulnerability {unknown}
 v - a scroll of magic mapping {unknown}
Potions
 b - a potion of ambrosia
 e - 2 potions of might
 f - 2 potions of invisibility {unknown}
 i - a potion of attraction {unknown}
 q - 4 potions of curing
 u - a potion of lignification {unknown}


   Skills:
 - Level 3.2 Fighting
 + Level 3.2 Armour
 - Level 2.6 Dodging
 * Level 9.9 Unarmed Combat


You had 7 spell levels left.
You didn't know any spells.
Your spell library contained the following spells:

 Spells                   Type           Power      Damage    Failure   Level
 Foxfire                  Conj/Fire      0%         2x1d4     99%         1
 Fireball                 Conj/Fire      0%         3d3       100%        5
 Plasma Beam              Fire/Air       0%         2x1d11    100%        6
 Starburst                Conj/Fire      0%         6d3       100%        6


Dungeon Overview and Level Annotations

Branches:
Dungeon (6/15)
 Temple: D:4-7

Altars:
Trog

Shops:
D:5 !((**

Annotations:
D:3 dig
D:4 Dowan, Duvessa


Innate Abilities, Weirdness & Mutations

You are immune to poison.
You have sharp fingernails.
Your flesh is cold resistant. (rC+)
You are immune to negative energy. (rN+++)
You do not regenerate when monsters are visible.
You are immune to unholy pain and torment.
You thrive by killing the living.


Message History

You are too injured to fight recklessly!
You are too injured to fight recklessly!
You are too injured to fight recklessly!
You are too injured to fight recklessly!
You are too injured to fight recklessly!
You are too injured to fight recklessly!
You are too injured to fight recklessly!
You are too injured to fight recklessly!
You are too injured to fight recklessly!
You are too injured to fight recklessly!
You are too injured to fight recklessly!
You are too injured to fight recklessly!
You scratch the orc wizard.
The orc wizard is moderately wounded.
You claw the orc wizard!
You kill the orc wizard!
x - a wand of iceblast (5)
Things that are here:
a +0 dagger; a +0 robe; an orc corpse A boulder beetle comes into view.
A boulder beetle is nearby!
A boulder beetle is nearby!
A boulder beetle is nearby!
A boulder beetle is nearby!
Things that are here:
a +0 dagger; a +0 robe; an orc corpse The boulder beetle curls into a ball and begins rolling!
You see here a +0 tower shield.
Things that are here:
a +0 spear; a gnoll corpse
Items here: ))) [ †††.
The boulder beetle hits you!!
* * * LOW HITPOINT WARNING * * *
The boulder beetle stops rolling and uncurls.
Things that are here:
a +0 short sword; a +0 scale mail; an orc corpse
Okay, then.
The boulder beetle attacks as you move away!
The boulder beetle bites you!!
You die...

#.##.#..#.#......
#.#.###.#.#...... ##
#..## ##.........
#...###.#.###.###......
#......[...#...........
#...###.#○#..#####.....
## #°#)##.# #.#..#
###B#.##.# #....#
♣♣♣♣♣♣♣♣)@.#.##.#
.....#
.≈≈≈≈≈.)♣#.#.##..
≈.....≈.♣#...####
≈.≈≈≈.≈.♣###.#
≈≈...≈≈.♣ #.# ≈≈._.≈≈.♣
#.. ≈≈...≈≈.♣ #..#
≈.≈≈≈.≈.♣ #..#
≈.....≈.♣ #..#


You could see a boulder beetle.

Vanquished Creatures
  An acid dragon (D:6)
  An ice beast (D:5)
  A black bear (D:5)
  An ogre (D:5)
  A scorpion (D:3)
  A howler monkey (D:6)
  2 hounds (D:5)
  2 orc priests (D:6)
  A jelly (D:6)
  2 gnoll boudas
  3 iguanas (D:5)
  3 orc wizards
  9 gnolls
  4 adders
  A white imp (D:5)
  An ufetubus (D:6)
  2 dart slugs
  6 orcs
  3 ball pythons
  8 bats
  9 endoplasms
  3 giant cockroaches
  7 goblins
  8 hobgoblins
  2 jackals (D:3)
  4 kobolds
  2 quokkas (D:2)
  2 frilled lizards (D:3)
  A rat (D:2)
91 creatures vanquished.

Notes
Turn   | Place    | Note
-------+----------+-------------------------------------------
     0 | D:1      | Cheops the Ghoul Monk began the quest for the Orb.
     0 | D:1      | Reached XP level 1. HP: 19/19 MP: 0/0
    62 | D:1      | Reached XP level 2. HP: 26/26 MP: 1/1
   102 | D:1      | Reached skill level 4 in Unarmed Combat
   235 | D:1      | You fall into a shaft and drop 1 floor!
   329 | D:2      | Reached XP level 3. HP: 31/31 MP: 2/2
   433 | D:2      | Reached skill level 5 in Unarmed Combat
   444 | D:2      | Reached XP level 4. HP: 26/38 MP: 3/3
  1409 | D:3      | Noticed a scorpion
  1421 | D:3      | Killed a scorpion
  1422 | D:3      | Reached skill level 6 in Unarmed Combat
  1422 | D:3      | Reached XP level 5. HP: 40/45 MP: 4/4
  1998 | D:4      | Noticed Duvessa
  2000 | D:4      | Noticed Dowan
  2003 | D:5      | Entered Level 5 of the Dungeon
  2003 | D:5      | Noticed an ice beast
  2016 | D:5      | Killed an ice beast
  2017 | D:5      | Reached skill level 7 in Unarmed Combat
  2017 | D:5      | Reached XP level 6. HP: 41/51 MP: 5/5
  2089 | D:5      | Found Quinofi's General Store.
  2095 | D:5      | Bought a scroll of blinking for 82 gold pieces
  2118 | D:5      | Found Kixzuuj's Antique Weapon Shop.
  2119 | D:5      | Noticed a black bear
  2128 | D:5      | Killed a black bear
  2129 | D:5      | Reached skill level 8 in Unarmed Combat
  2182 | D:5      | Reached skill level 1 in Armour
  2182 | D:5      | Reached XP level 7. HP: 50/57 MP: 6/6
  2213 | D:5      | Found Cuphyusa's Distillery.
  2266 | D:5      | Bought a potion of curing for 36 gold pieces
  2266 | D:5      | Bought a potion of degeneration for 12 gold pieces
  2267 | D:5      | Bought a potion of might for 48 gold pieces
  2285 | D:5      | Found Niunothryet's Weapon Shoppe.
  2307 | D:5      | Found Judeubo's Assorted Antiques.
  2475 | D:5      | Reached skill level 9 in Unarmed Combat
  2800 | D:6      | Reached XP level 8. HP: 63/63 MP: 7/7
  2850 | D:6      | Found a bloodstained altar of Trog.
  2903 | D:6      | Noticed a boulder beetle
  2912 | D:6      | Slain by a boulder beetle

Illustrated notes

Levels and vault maps discovered:
D:1:      roderic_dead_forest, layout_loops_ring, serial_shops,
          nicolae_shop_drivethru, amcnicky_mini_rare_corridor_liquid,
          grunt_decor_cap, item_on_display_a
D:2:      layout_basic
D:3:      layout_loops_ring, serial_rivers, chequers_serial_rivers_micro_b,
          chequers_serial_rivers_micro_a, chequers_serial_rivers_small_3,
          chequers_serial_rivers_small_a, chequers_serial_rivers_small_b,
          chequers_serial_rivers_small_3, due_unseen_surprise
D:4:      layout_basic, lemuel_doored_altar, marbit_many_paths, uniq_duvessa
D:5:      layout_rooms, serial_shops, nicolae_shop_pleasant_corner_grove, shop,
          shop, nicolae_shop_tiny_statue_garden, shop
D:6:      layout_loops_ring, mainiacjoe_overflow_paths,
          mainiacjoe_overflow_two_lobes, elyvilon_altar_5, kb_rosetta,
          uniq_grinder

Skill      XL: |  1  2  3  4  5  6  7  8 |
---------------+-------------------------+-----
Unarmed Combat | 4 5 6 7 8 9 |  9.9
Armour         | 1 2 3 |  3.2
Fighting       | |  3.2
Dodging        | |  2.6

Action                     |  1- 3 |  4- 6 |  7- 9 || total
---------------------------+-------+-------+-------++-------
  Melee: Unarmed           |    68 |   104 |    89 ||   261
 Armour: Robe              |     4 |       |       ||     4
         Chain mail        |    11 |    60 |    24 ||    95
  Dodge: Dodged            |    30 |    42 |    34 ||   106
